 Dungeon Crawl Stone Soup version 0.25-a0-670-g50981ef59b (webtiles) character file.

Game seed: 11497559642518432072, levelgen mode: deterministic

0 MisterFreud the Vexing (level 1, -1/7 HPs)
             Began as a Felid Enchanter on Mar 29, 2020.
             Slain by a kobold
             ... wielding a +1 short sword of venom
              (6 damage)
             ... on level 1 of the Dungeon.
             The game lasted 00:00:17 (64 turns).

MisterFreud the Vexing (Felid Enchanter)              Turns: 64, Time: 00:00:18

Health: -1/7       AC:  1    Str:  4    XL:     1   Next: 8%
Magic:  3/4        EV: 18    Int: 16    God:
Gold:   0          SH:  0    Dex: 16    Spells: 3/4 levels left
                                        Lives:  0   Deaths: 0

rFire    . . .     SeeInvis +     - Unarmed
rCold    . . .     Gourm    .   (shield unavailable)
rNeg     . . .     Faith    .   (armour unavailable)
rPois    .         Spirit   .   (helmet unavailable)
rElec    .         Reflect  .   (cloak unavailable)
rCorr    .         Harm     .   (gloves unavailable)
MR       .....                  (boots unavailable)
Stlth    +++.......             (no amulet)
HPRegen  0.02/turn              (no ring)
MPRegen  0.09/turn              (no ring)

@: lethally poisoned (-1 -> -11), quick
A: very small, no armour, no weapons or thrown items, stealth, claws 1, fangs 3,
see invisible, carnivore, speed 1, shaggy fur 1, slow metabolism 1, sharp paws
a: no special abilities


You were on level 1 of the Dungeon.
You were not hungry.

You visited 1 branch of the dungeon, and saw 1 of its levels.

Inventory:

Scrolls
 c - a scroll of identify {unknown}
Potions
 a - a potion of brilliance {unknown}
Comestibles
 b - a ration


   Skills:
 + Level 0.2 Fighting
 - Level 2.6 Dodging
 - Level 4.0 Stealth
 - Level 1.0 Unarmed Combat
 - Level 2.0 Spellcasting
 - Level 4.4 Hexes


You had 3 spell levels left.
You knew the following spells:

 Your Spells              Type           Power        Failure   Level  Hunger
a - Corona                Hex            ###....      3%          1    #......

Your spell library contained the following spells:

 Spells                   Type           Power        Failure   Level  Hunger
 Confusing Touch          Hex            ###.....     11%         3    ###....
 Tukima's Dance           Hex            ###.....     11%         3    ###....
 Ensorcelled Hibernation  Hex/Ice        #.....       13%         2    ###....
 Dazzling Flash           Conj/Hex       #.....       26%         3    ###....


Dungeon Overview and Level Annotations

Branches:
Dungeon (1/15)

Altars:


Innate Abilities, Weirdness & Mutations

You cannot wear armour.
You are incapable of wielding weapons or throwing items.
Your paws allow you to move quietly. (Stealth)
You have sharp claws.
You have razor-sharp teeth.
You have supernaturally acute eyesight. (SInv)
You are carnivorous and can eat meat at any time.
You cover ground quickly.
You are covered in fur. (AC +1)
You have a slow metabolism.
Your sharp claws are effective at attacking unaware monsters.


Message History

The kobold is outlined in light.
The kobold throws a stone.
The stone misses you.
The kobold throws a stone.
The stone hits you but does no damage.
You see here a stone.
The kobold barely misses you.
You closely miss the kobold. The kobold completely misses you.
You scratch the kobold.
The kobold is severely wounded.
The kobold completely misses you.
An ooze comes into view.
You scratch the kobold but do no damage.
The kobold is severely wounded.
The kobold hits you with a +1 short sword of venom.
You are lethally poisoned!
You completely miss the kobold.
The kobold is severely wounded.
You feel sick.
The kobold hits you with a +1 short sword of venom.
Ouch! That really hurt!
You die...

(....## ##########
...8## ###.........
'''## #.....#####
...#######.#.#.#
.##..........#(#
.##.######.###.##
.)..............########
.##.#####.###...(.......
.##.# #.#.....@.######
....# #.#......K.J...#
###.# #.#.......##....
#.# #.#...### ... #..
#.#...# .. ### # ..... .
....# #..##


You could see an ooze and a kobold.

Vanquished Creatures
  A kobold (D:1)
1 creature vanquished.

Notes
Turn   | Place    | Note
-------+----------+-------------------------------------------
     0 | D:1      | MisterFreud the Felid Enchanter began the quest for the
                  | Orb.
     0 | D:1      | Reached XP level 1. HP: 7/7 MP: 4/4
    64 | D:1      | Slain by a kobold

Levels and vault maps discovered:
D:1:      kennysheep_arrival_forest, layout_loops_ring

Action                   || total
-------------------------++-------
Melee: Unarmed           ||     5
 Cast: Corona            ||     2
Dodge: Dodged            ||     4

Table legend:
 A = Non-vault XP
 B = Vault XP
 C = Vault XP percentage of total XP
 D = Non-vault monster count
 E = Vault monster count
 F = Vault count percentage of total count
                 A         B        C        D         E       F
            +---------+---------+-------+---------+---------+-------
      Total |       1 |       0 |   0.0 |       1 |       0 |   0.0
            +---------+---------+-------+---------+---------+-------
        D:1 |       1 |       0 |   0.0 |       1 |       0 |   0.0
            +---------+---------+-------+---------+---------+-------
